 Dungeon Crawl Stone Soup version 0.22.0 (webtiles) character file.

346 Htamos the Poker (level 6, -1/58 HPs)
             Began as a Naga Fighter on Aug 10, 2018.
             Slain by Edmund
             ... wielding a +3 flail of protection
              (6 damage)
             ... on level 4 of the Dungeon.
             The game lasted 00:07:22 (3180 turns).

Htamos the Poker (Naga Fighter)                     Turns: 3180, Time: 00:07:22

Health: -1/58      AC:  8    Str: 23    XL:     6   Next: 59%
Magic:  6/6        EV:  5    Int: 10    God:
Gold:   2          SH:  9    Dex: 11    Spells: 5/5 levels left

rFire    . . .     SeeInvis +   a - +0 trident
rCold    . . .     Gourm    .   c - +0 shield
rNeg     . . .     Faith    .   b - +0 scale mail
rPois    +         Spirit   .   e - +1 helmet
rElec    .         Reflect  .   (no cloak)
rCorr    .         Harm     .   (no gloves)
MR       .....                  (no barding)
Stlth    ..........             (no amulet)
HPRegen  0.19/turn              (no ring)
MPRegen  0.10/turn              (no ring)

@: mighty, hasted, quick
A: large, see invisible, deformed body, poison resistance, slowness 2, slow
metabolism 1, spit poison 1, AC +2
a: Spit Poison


You were on level 4 of the Dungeon.
You were hungry.

You visited 1 branch of the dungeon, and saw 5 of its levels.

You collected 127 gold pieces.
You spent 125 gold pieces at shops.

Inventory:

Hand Weapons
 a - a +0 trident (weapon)
 i - a +0 dagger of electrocution
 k - a +2 bardiche
Armour
 b - a +0 scale mail (worn)
 c - a +0 shield (worn)
 e - a +1 helmet (worn)
Jewellery
 j - a +3 ring of evasion {unknown}
Scrolls
 g - 2 scrolls of identify
 h - a scroll of magic mapping
 n - a scroll of teleportation
Comestibles
 f - 7 rations


   Skills:
 + Level 4.4 Fighting
 * Level 4.7 Polearms
 + Level 3.5 Armour
 - Level 2.7 Shields


You had 5 spell levels left.
You didn't know any spells.
Your spell library was empty.

Dungeon Overview and Level Annotations

Branches:
Dungeon (5/15)
 Temple: D:4-7

Altars:
Okawaru
Ru
Xom

Shops:
D:4 *?

Annotations:
D:4 Edmund, Menkaure


Innate Abilities, Weirdness & Mutations

You cannot wear boots.
Your serpentine skin is tough. (AC +2)
You have supernaturally acute eyesight. (SInv)
Armour fits poorly on your strangely shaped body.
Your system is resistant to poisons. (rPois)
You cover ground very slowly.
You have a slow metabolism.
You can spit poison.


Message History

Edmund says, "A flail is better than a scythe, any day of the week!"
You block Edmund's attack.
Menkaure gestures wildly while chanting.
Menkaure seems to speed up.
You feel very mighty all of a sudden.
The orc wizard points at you and mumbles some strange words.
The puff of frost misses you.
You puncture the orc wizard!
You kill the orc wizard!
You hit Edmund but do no damage.
Edmund is heavily wounded.
Edmund hits you but does no damage.
Menkaure wails, "Why can't you leave me to my rest?"
You closely miss Edmund.
Edmund is heavily wounded.
Edmund barely misses you.
Your shield and scale mail prevent you from hitting Edmund.
Edmund is heavily wounded.
Edmund hits you with a flail of protection.
You die...

,,...,,..# **.#*********
###.####.# #.# .......#.# #.#
.##.##.#.# #.# .#...#.#.####.#
###### ..._.......##.# #....#
.#...#.#.#.#..# ###.##.####
.##.##.#.#....#######......>..#
.......#.#..>.M@@..........##.♣#
###.####.##...#######.#.#..##..#
.........###...######.#....##♣∩♣
###.#######...........###...#..#
,,#...,,,,##.######...# ###.#.♣#
,,#####****#.#*,,*##..#####.#.#
,,,* *#....,,*##.........# #..*
#....#,,,##.#####.### #..#
#...#*,,..#.# #.#


You could see Edmund and Menkaure.

Vanquished Creatures
  An ogre (D:3)
  A crimson imp (D:5)
  A hound (D:4)
  3 orc wizards
  An iguana (D:4)
  A worker ant (D:5)
  2 adders (D:2)
  3 dart slugs
  4 leopard geckos
  4 orcs (D:3)
  A ball python (D:2)
  4 bats
  A giant cockroach (D:1)
  6 goblins
  6 hobgoblins
  6 jackals (D:1)
  3 quokkas
  A frilled lizard (D:1)
  6 kobolds
  4 rats
59 creatures vanquished.

Notes
Turn   | Place    | Note
-------+----------+-------------------------------------------
     0 | D:1      | Htamos the Naga Fighter began the quest for the Orb.
     0 | D:1      | Reached XP level 1. HP: 21/21 MP: 1/1
   268 | D:1      | Reached XP level 2. HP: 28/28 MP: 2/2
   915 | D:1      | Reached XP level 3. HP: 33/34 MP: 3/3
  1692 | D:2      | Found an iron altar of Okawaru.
  1727 | D:2      | Reached XP level 4. HP: 33/42 MP: 4/4
  1977 | D:3      | Found a shimmering altar of Xom.
  2166 | D:4      | Noticed an ogre
  2205 | D:3      | Reached XP level 5. HP: 13/50 MP: 5/5
  2447 | D:3      | HP: 2/50 [ogre/giant club (13)]
  2449 | D:3      | Killed an ogre
  2757 | D:4      | Reached XP level 6. HP: 47/57 MP: 6/6
  2832 | D:4      | Found Xedeiqo's Magic Scroll Shop.
  2839 | D:4      | Bought a scroll of enchant weapon for 75 gold pieces
  2870 | D:4      | Found a sacrificial altar of Ru.
  3078 | D:4      | Found Vumiaq's Assorted Antiques.
  3082 | D:4      | Bought a scroll labeled FYIFAR PUEPHA for 25 gold pieces
  3082 | D:4      | Bought a scroll labeled TIOTHR CUPURR for 25 gold pieces
  3103 | D:5      | Entered Level 5 of the Dungeon
  3151 | D:5      | Noticed Menkaure
  3151 | D:5      | Noticed Edmund
  3180 | D:4      | Slain by Edmund

Skill      XL: |  1  2  3  4  5 |
---------------+----------------+-----
Polearms       | 3 4 |  4.7
Armour         | 3 |  3.5
Fighting       | 4 |  4.4
Shields        | |  2.7

Action                   |  1- 3 |  4- 6 || total
-------------------------+-------+-------++-------
Melee: Trident           |   105 |   136 ||   241
       Dagger            |    12 |       ||    12
       Bardiche          |     8 |       ||     8
 Abil: Spit Poison       |     7 |    12 ||    19
  Use: Potion            |       |     3 ||     3
       Scroll            |       |     5 ||     5
  Eat: Chunk             |     2 |     4 ||     6
Armor: Scale mail        |    49 |    74 ||   123
Dodge: Dodged            |    34 |    31 ||    65
Block: Shield            |    75 |    77 ||   152
